 Dungeon Crawl Stone Soup version 0.23.2 (webtiles) character file.

Game seed: 15456297604372425636

191 Illumine the Chopper (level 5, 0/47 HPs)
             Began as a Minotaur Fighter on Oct 10, 2019.
             Slain by an ogre
             ... wielding a +0 giant spiked club
              (8 damage)
             ... on level 4 of the Dungeon.
             The game lasted 00:01:31 (2124 turns).

Illumine the Chopper (Minotaur Fighter)             Turns: 2124, Time: 00:01:31

Health: 0/47       AC:  6    Str: 27    XL:     5   Next: 42%
Magic:  4/4        EV:  8    Int:  5    God:
Gold:   199        SH: 10    Dex:  9    Spells: 4/4 levels left

rFire    . . .     SeeInvis .   a - +0 war axe
rCold    . . .     Gourm    .   c - +0 shield
rNeg     . . .     Faith    .   k - +0 ring mail (curse)
rPois    .         Spirit   .   (helmet restricted)
rElec    .         Reflect  .   (no cloak)
rCorr    .         Harm     .   (no gloves)
MR       .....                  (no boots)
Stlth    ..........             (no amulet)
HPRegen  0.15/turn              (no ring)
MPRegen  0.09/turn              (no ring)

@: mighty
A: retaliatory headbutt, horns 2
a: no special abilities


You were on level 4 of the Dungeon.
You were not hungry.

You visited 1 branch of the dungeon, and saw 4 of its levels.

You collected 199 gold pieces.

Inventory:

Hand Weapons
 a - a +0 war axe (weapon)
Armour
 b - a +0 scale mail
 c - a +0 shield (worn)
 k - a cursed +0 ring mail (worn)
Jewellery
 e - a +3 ring of protection {unknown}
Wands
 s - a wand of polymorph (8)
Scrolls
 g - a scroll of teleportation {unknown}
 h - 2 scrolls of blinking {unknown}
 m - 3 scrolls of identify {unknown}
 p - a scroll of amnesia {unknown}
 q - 3 scrolls of fear {unknown}
Potions
 i - a potion of agility {unknown}
 j - 3 potions of degeneration {unknown}
 l - 2 potions of haste {unknown}
 n - a potion of resistance {unknown}
 o - a potion of flight {unknown}
Comestibles
 f - 11 rations


   Skills:
 + Level 4.6 Fighting
 * Level 4.7 Axes
 + Level 4.6 Armour
 + Level 4.6 Shields


You had 4 spell levels left.
You didn't know any spells.
Your spell library was empty.

Dungeon Overview and Level Annotations

Branches:
Dungeon (4/15)
 Temple: D:4-7

Altars:

Shops:
D:4 (


Innate Abilities, Weirdness & Mutations

You reflexively headbutt those who attack you in melee.
You have a pair of horns on your head.


Message History

The worm is almost dead.
You block the worm's attack.
A worm is nearby!
You slash the worm!
You kill the worm!
No target in view!
l - 2 green potions (gained 1)
f - 11 rations (gained 1)
An ogre comes into view. It is wielding a +0 giant spiked club.
The ogre shouts!
An ogre is nearby!
An ogre is nearby!
The ogre hits you with a +0 giant spiked club!
Your shield and ring mail prevent you from hitting the ogre.
The ogre hits you with a +0 giant spiked club!!
Ouch! That really hurt!
* * * LOW HITPOINT WARNING * * *
You feel very mighty all of a sudden.
The ogre hits you with a +0 giant spiked club!
You die...

.....# #..........#
#...... ###..#
##.........# #...... ####
#.....∩....# #......
############ #...... #
#...# ######......
#.###...# #....#......
........# #####.##.#......
........###......#.#......
........O@..###..#.#......
....######### #..#.##.####
. ...#.##†###.
####.#.#...... #.
.#.#...... #.####.#.....#
#............#
##...##......#
#.....#......#


You could see an ogre.

Vanquished Creatures
  A hound (D:4)
  A worker ant (D:4)
  Natasha (D:3)
  5 adders
  2 worms
  3 dart slugs
  A leopard gecko (D:3)
  2 orcs (D:3)
  2 bats
  5 giant cockroaches
  6 goblins
  10 hobgoblins
  3 jackals (D:3)
  4 kobolds
  2 ball pythons
  3 frilled lizards
  5 rats
56 creatures vanquished.

Notes
Turn   | Place    | Note
-------+----------+-------------------------------------------
     0 | D:1      | Illumine the Minotaur Fighter began the quest for the Orb.
     0 | D:1      | Reached XP level 1. HP: 19/19 MP: 0/0
   112 | D:1      | Reached XP level 2. HP: 21/27 MP: 1/1
   611 | D:2      | Reached XP level 3. HP: 29/33 MP: 2/2
  1217 | D:3      | Noticed Natasha
  1221 | D:3      | Reached XP level 4. HP: 38/40 MP: 3/3
  1229 | D:3      | Killed Natasha
  1813 | D:4      | Reached XP level 5. HP: 47/47 MP: 4/4
  2030 | D:4      | Found Anakh's Weapon Emporium.
  2117 | D:4      | Noticed an ogre
  2124 | D:4      | Slain by an ogre

Skill      XL: |  1  2  3  4 |
---------------+-------------+-----
Axes           | 3 4 |  4.7
Armour         | 4 |  4.6
Fighting       | 4 |  4.6
Shields        | 4 |  4.6

Action                   |  1- 3 |  4- 6 || total
-------------------------+-------+-------++-------
Melee: War axe           |    65 |    72 ||   137
       Headbutt          |    12 |    11 ||    23
  Use: Potion            |       |     1 ||     1
  Eat: Chunk             |       |     4 ||     4
Armor: Scale mail        |    11 |       ||    11
       Ring mail         |    10 |    32 ||    42
Dodge: Dodged            |    24 |    24 ||    48
Block: Shield            |    42 |    46 ||    88
